 Dungeon Crawl Stone Soup version 0.31.0-32-g396128a36d (webtiles) character file.

Game seed: 11006916150270917572

51807 unlimited1921 the Cleaver (level 14, -27/102 HPs)
             Began as a Gnoll Cinder Acolyte on Mar 27, 2024.
             Was a High Priest of Ignis.
             Blown up by an orb spider (50 damage)
             ... with an orb of destruction
             ... on level 1 of the Spider Nest.
             The game lasted 02:28:50 (26564 turns).

unlimited1921 the Cleaver (Gnoll Cinder Acolyte)   Turns: 26564, Time: 02:28:51

Health: -27/102    AC: 18    Str: 13    XL:     14   Next: 61%
Magic:  0/34       EV: 14    Int: 17    God:    Ignis [*****.]
Gold:   612        SH:  0    Dex: 10    Spells: 4/33 levels left

rFire   + . .        T - +8 pair of quick blades "Gyre" and "Gimble" {protect}
rCold   . . .        (shield currently unavailable)
rNeg    . . .        U - +2 acid dragon scales
rPois   .            z - +2 helmet
rElec   .            E - +0 cloak
rCorr   +            F - +0 pair of gloves
SInv    .            u - +0 pair of boots
Will    +....        o - amulet of guardian spirit
Stlth   +            B - ring of magical power
HPRegen 0.37/turn    a - ring of wizardry
MPRegen 0.24/turn

%: guardian spirit, wizardry (x1)
@: contaminated, glowing, very slow
A: fangs 1, strong nose, distributed training, frail 1, low MP 1
a: Renounce Religion, Fiery Armour, Foxfire Swarm, Rising Flame


You were on level 1 of the Spider Nest.
You worshipped Ignis.
Ignis was extremely pleased with you.
You visited 4 branches of the dungeon, and saw 15 of its levels.

You collected 812 gold pieces.
You spent 200 gold pieces at shops.

Inventory:

Hand Weapons
 j - a +0 short sword of venom
 p - a +0 short sword of electrocution
 w - a +5 falchion of flaming
 A - the +2 whip of the Spectre {heavy, Will++}
   (You found it on level 5 of the Lair of Beasts)

   Will++:    It greatly increases your willpower.
 G - a +0 flail of protection
 Q - a +5 flail of chaos
 T - the +8 pair of quick blades "Gyre" and "Gimble" (weapon) {protect}
   (You found it on level 7 of the Dungeon)
 V - a +2 trident of draining
Missiles
 y - 30 poisoned darts
 C - 4 curare-tipped darts
 O - a throwing net
Armour
 k - +0 shadow dragon scales
 u - a +0 pair of boots (worn)
 z - a +2 helmet (worn)
 E - a +0 cloak (worn)
 F - a +0 pair of gloves (worn)
 U - +2 acid dragon scales (worn)
 W - an orb of mayhem
 X - a +0 buckler
Jewellery
 a - a ring of wizardry (right hand)
 o - an amulet of guardian spirit (around neck)
 B - a ring of magical power (left hand)
 H - a ring of poison resistance
 L - a ring of flight
 Z - a ring of ice
Wands
 d - a wand of mindburst (28)
 t - a wand of paralysis (6) (quivered)
 M - a wand of light (9)
 R - a wand of roots (14)
 S - a wand of flame (6)
Scrolls
 c - 2 scrolls of revelation {unknown}
 f - 2 scrolls of noise {unknown}
 g - 2 scrolls of amnesia
 i - a scroll of silence {unknown}
 q - 2 scrolls of enchant armour
 r - 2 scrolls of blinking {unknown}
 s - 4 scrolls of teleportation
 v - 2 scrolls of enchant weapon {unknown}
 x - 2 scrolls of poison {unknown}
 P - 3 scrolls of fog
Potions
 b - 3 potions of magic
 e - 2 potions of berserk rage
 h - 5 potions of enlightenment
 l - 2 potions of mutation {unknown}
 m - 2 potions of heal wounds
 n - 2 potions of invisibility
 D - 2 potions of brilliance
 I - 6 potions of curing
 J - a potion of cancellation {unknown}
 K - 2 potions of degeneration {unknown}
 N - 5 potions of might
 Y - a potion of ambrosia {unknown}


   Skills:
 + Level 11.6 Fighting
 + Level 9.7 Short Blades
 + Level 9.7 Long Blades
 + Level 11.6 Axes
 + Level 9.7 Maces & Flails
 + Level 9.7 Polearms
 + Level 9.7 Staves
 + Level 9.7 Ranged Weapons
 + Level 9.7 Throwing
 + Level 9.7 Armour
 + Level 9.7 Dodging
 + Level 9.7 Stealth
 + Level 9.7 Shields
 + Level 9.7 Unarmed Combat
 + Level 10.1 Spellcasting
 + Level 8.1 Conjurations
 + Level 8.1 Hexes
 + Level 8.1 Summonings
 + Level 8.1 Necromancy
 + Level 8.1 Translocations
 + Level 9.8 Fire Magic
 + Level 8.1 Ice Magic
 + Level 8.1 Air Magic
 + Level 8.1 Earth Magic
 + Level 8.1 Alchemy
 + Level 10.6 Invocations
 + Level 9.7 Evocations
 + Level 8.9 Shapeshifting


You had 4 spell levels left.
You knew the following spells:

 Your Spells              Type           Power      Damage    Failure   Level
a - Kiss of Death         Conj/Necr      100%       2d13      1%          1
b - Scorch                Fire           84%        2d8       1%          2
c - Inner Flame           Hex/Fire       39%        N/A       1%          3
d - Mephitic Cloud        Conj/Alch/Air  36%        N/A       1%          3
e - Ensorcelled Hibernat  Hex/Ice        72%        N/A       1%          2
f - Confusing Touch       Hex            36%        N/A       1%          3
g - Curse of Agony        Necr           36%        N/A       4%          5
h - Irradiate             Conj/Alch      18%        3d17      4%          5
i - Fireball              Conj/Fire      19%        3d9       3%          5

Your spell library contained the following spells:

 Spells                   Type           Power      Damage    Failure   Level
 Apportation              Tloc           72%        N/A       1%          1
 Necrotise                Necr           100%       1d9       1%          1
 Sting                    Conj/Alch      100%       1d9       1%          1
 Summon Small Mammal      Summ           100%       N/A       1%          1
 Dazzling Flash           Conj/Hex       72%        N/A       1%          3
 Fugue of the Fallen      Necr           36%        N/A       1%          3
 Tukima's Dance           Hex            36%        N/A       1%          3
 Anguish                  Hex/Necr       18%        N/A       1%          4
 Cause Fear               Hex            18%        N/A       1%          4
 Dispel Undead            Necr           36%        3d15      1%          4
 Passage of Golubria      Tloc           36%        N/A       1%          4
 Silence                  Hex/Air        18%        N/A       4%          5
 Yara's Violent Unravell  Hex/Alch       18%        3d9       4%          5
 Ignition                 Fire           21%        3d8       99%         8
 Dragon's Call            Summ           18%        N/A       100%        9


Dungeon Overview and Level Annotations

Branches:
Dungeon (8/15)             Temple (1/1) D:6            Lair (5/5) D:8
 Shoals (0/4) Lair:3       Spider (1/4) Lair:3        Slime (0/5) Lair:5

Altars:
Ashenzari
Cheibriados
Dithmenos
Elyvilon
Gozag
Hepliaklqana
Kikubaaqudgha
Makhleb
Nemelex Xobeh
Okawaru
Qazlal
Ru
Sif Muna
Trog
Uskayaw
Vehumet
Wu Jian
Xom
Yredelemnul
Zin
The Shining One
Jiyva

Shops:
D:1 (   D:4 =

Annotations:
D:6 1 runed translucent door, Wolfey's ghost, novice OpFi
D:8 3 runed translucent doors, ConditionCatalyst's ghost, novice DsNe


Innate Abilities, Weirdness & Mutations

You have very sharp teeth.
Your uncanny sense of smell can sniff out nearby items.
Your experience applies equally to all skills.
You are frail. (-10% HP)
Your magical capacity is low. (-10% MP)


Message History

Press: ? - help, v - describe, . - travel
Here: a radroach (lightly wounded)
The floor.
Unknown command.
Casting: Irradiate (dangerous; 4% risk of failure)
Confirm with . or Enter, or press ? or * to list all spells.
You erupt in a fountain of uncontrolled magic!
The radroach is blasted with magical radiation!!
The radroach is heavily wounded.
The radroach twists and deforms.
The orb spider weaves a glowing orb of energy.
The radroach bites you.
* * * LOW HITPOINT WARNING * * *
The radroach claws you but does no damage.
An orb of destruction comes into view.
You feel much better.
The wavering orb of destruction hits you!!
* * * LOW HITPOINT WARNING * * *
The orb spider pulsates with a strange energy.
The radroach bites you but does no damage.
The radroach closely misses you.
Casting: Irradiate (dangerous; 4% risk of failure)
Confirm with . or Enter, or press ? or * to list all spells.
You don't have enough magic to cast this spell.
Press: ? - help, v - describe, . - travel
Here: a radroach (heavily wounded, misshapen and mutated)
The floor.
Unknown command.
Aiming: Paralyse
Press: ? - help, Q - select action, (/) - cycle Shift-Dir - straight line, f - radroach
Aim: a radroach (heavily wounded, misshapen and mutated, chance to affect: 50%)
The radroach suddenly stops moving!
The jumping spider leaps!
Found a stone staircase leading down.
The orb spider weaves a glowing orb of energy.
An orb of destruction comes into view.
You enter the shallow water.
Moving in this stuff is going to be slow.
The orb of destruction hits you!!!
You die...

#### ### s. #######..####.#
.# . .#..##.#...#..# .. ..
..#...##.##...#### #. ...
.##....#####...#.## #. ...#
.##...#.# ####...## .#...#.
.##...[.# ##~##.##†......
........# #≈~###.○##.....
......### ≈≈≈#@###B.......
##.....# #.###≈○○○s#..#...
...#.##.# ... #≈≈..##..s...#
.....#.. ..#..≈≈~~..#.......
.>.....#......~≈~....#......
..............~~~.#.......##
..............~..~..~....##
......#........~.#~≈≈~..#>
..#.......#...#.. ≈≈#~>..##


You could see an orb spider and a jumping spider.

Vanquished Creatures
  The ghost of bronco the Thaumaturge, a journeyman HuMo of Gozag (Lair:4)
  3 dire elephants
  7 hydras
  A boulder beetle (Lair:3)
  Erica (D:8)
  6 death yaks
  A spectral dire elephant (Lair:5)
  A demonic crawler (Spider:1)
  Amaemon (Lair:2)
  A spectral anaconda (Lair:5)
  A skyshark (Lair:5)
  A fire crab (Lair:1)
  An obsidian statue (Lair:5)
  An orb spider (Spider:1)
  Pikel (D:7)
  3 necromancers (Lair:5)
  A phantasmal warrior (Lair:1)
  An oklob plant (Lair:5)
  A manticore (Lair:5)
  Maurice (D:7)
  5 elephants
  An orange demon (Lair:1)
  7 black mambas
  Joseph (D:8)
  Maggie (D:8)
  A dire elephant zombie (Lair:5)
  A molten gargoyle (Lair:4)
  9 komodo dragons
  16 cane toads
  Jeremiah (D:8)
  2 rime drakes (Lair:5)
  Psyche (D:8)
  A polar bear (Lair:3)
  5 tarantellas (Spider:1)
  19 blink frogs
  A spectral elephant (Lair:5)
  A jumping spider (Spider:1)
  A culicivora (Spider:1)
  43 yaks
  4 basilisks
  4 wyverns
  2 steam dragons
  A death yak simulacrum (Lair:5)
  7 redbacks (Spider:1)
  A human (Lair:1)
  A spectral cane toad (Lair:5)
  11 water moccasins
  An elephant zombie (Lair:5)
  3 ice beasts (D:8)
  2 black bears (D:8)
  An ogre (D:5)
  11 wolves
  An orc warrior (D:5)
  An elephant skeleton (Lair:5)
  3 centaurs (Lair:3)
  A lemure (D:7)
  2 kobold brigands (D:7)
  Blork the orc (D:6)
  14 bullfrogs
  2 scorpions (D:5)
  A cane toad simulacrum (Lair:5)
  5 wights (D:7)
  A killer bee (D:8)
  3 howler monkeys
  3 electric eels
  2 hounds
  2 jellies
  5 iguanas
  3 orc wizards (D:5)
  7 hell rats (Lair:3)
  Robin (D:2)
  7 adders
  3 gnolls (D:6)
  A shadow imp (D:5)
  A white imp (D:5)
  A ribbon worm (D:3)
  5 dart slugs
  18 orcs
  13 ball pythons
  3 bats
  8 endoplasms
  4 giant cockroaches
  11 goblins
  8 hobgoblins
  8 jackals
  12 kobolds
  3 quokkas
  5 frilled lizards
  7 rats
377 creatures vanquished.

Notes
Turn   | Place    | Note
-------+----------+-------------------------------------------
     0 | D:1      | unlimited1921 the Gnoll Cinder Acolyte began the quest for
                  | the Orb.
     0 | D:1      | Reached XP level 1. HP: 23/23 MP: 4/4
   138 | D:1      | Found Xisacid's Antique Weapon Shop.
   776 | D:1      | Reached XP level 2. HP: 24/29 MP: 5/5
  1728 | D:1      | Reached XP level 3. HP: 35/35 MP: 7/7
  2019 | D:1      | Learned a level 1 spell: Kiss of Death
  2022 | D:1      | Learned a level 2 spell: Scorch
  2278 | D:2      | Reached skill level 1 in Invocations
  2291 | D:2      | Reached skill level 1 in Short Blades
  2291 | D:2      | Reached skill level 1 in Long Blades
  2291 | D:2      | Reached skill level 1 in Maces & Flails
  2291 | D:2      | Reached skill level 1 in Polearms
  2291 | D:2      | Reached skill level 1 in Staves
  2291 | D:2      | Reached skill level 1 in Ranged Weapons
  2291 | D:2      | Reached skill level 1 in Throwing
  2291 | D:2      | Reached skill level 1 in Armour
  2291 | D:2      | Reached skill level 1 in Dodging
  2291 | D:2      | Reached skill level 1 in Stealth
  2291 | D:2      | Reached skill level 1 in Shields
  2291 | D:2      | Reached skill level 1 in Unarmed Combat
  2291 | D:2      | Reached skill level 1 in Evocations
  2386 | D:2      | Reached skill level 1 in Shapeshifting
  2386 | D:2      | Reached XP level 4. HP: 40/41 MP: 1/8
  2891 | D:2      | Noticed Robin
  3171 | D:2      | Reached skill level 1 in Conjurations
  3171 | D:2      | Reached skill level 1 in Hexes
  3171 | D:2      | Reached skill level 1 in Summonings
  3171 | D:2      | Reached skill level 1 in Necromancy
  3171 | D:2      | Reached skill level 1 in Translocations
  3171 | D:2      | Reached skill level 1 in Ice Magic
  3171 | D:2      | Reached skill level 1 in Air Magic
  3171 | D:2      | Reached skill level 1 in Earth Magic
  3171 | D:2      | Reached skill level 1 in Alchemy
  4115 | D:3      | Found a snail-covered altar of Cheibriados.
  5001 | D:4      | Found Loimou's Jewellery Shoppe.
  5060 | D:4      | Reached XP level 5. HP: 38/42 MP: 4/9
  5556 | D:4      | Found a shimmering altar of Xom.
  5590 | D:4      | Found a shimmering blue altar of Sif Muna.
  5686 | D:4      | Reached XP level 6. HP: 51/53 MP: 8/11
  5939 | D:2      | Killed Robin
  6506 | D:5      | Entered Level 5 of the Dungeon
  7465 | D:4      | Bought a ring of magical power for 200 gold pieces
  7959 | D:5      | Reached XP level 7. HP: 41/60 MP: 12/12
  8563 | D:6      | Learned a level 3 spell: Inner Flame
  8569 | D:6      | Found a staircase to the Ecumenical Temple.
  9152 | D:6      | Noticed Wolfey's ghost (novice OpFi)
  9172 | D:6      | Found a runed translucent door.
  9503 | D:5      | Reached XP level 8. HP: 25/67 MP: 5/14
  9675 | D:5      | Learned a level 3 spell: Mephitic Cloud
  9700 | Temple   | Entered the Ecumenical Temple
 10123 | D:6      | Found a hide-covered altar of Uskayaw.
 10289 | D:6      | Found a sparkling altar of Nemelex Xobeh.
 10290 | D:6      | Noticed Blork the orc
 10294 | D:6      | Killed Blork the orc
 10337 | D:6      | Learned a level 2 spell: Ensorcelled Hibernation
 11147 | D:7      | Noticed a yak
 11148 | D:7      | Noticed Pikel
 11150 | D:7      | Noticed a yak
 11152 | D:7      | Noticed a yak
 11156 | D:7      | Noticed a yak
 11158 | D:7      | Killed Pikel
 11158 | D:7      | Killed a yak
 11158 | D:7      | Killed a yak
 11158 | D:7      | Killed a yak
 11159 | D:7      | Reached skill level 5 in Spellcasting
 11159 | D:7      | Reached XP level 9. HP: 74/74 MP: 10/16
 11288 | D:7      | Reached skill level 5 in Invocations
 11403 | D:7      | Noticed Maurice
 11558 | D:7      | Killed Maurice
 11758 | D:7      | Found an iron altar of Okawaru.
 12260 | D:7      | Found the +8 pair of quick blades "Gyre" and "Gimble"
                  | {protect}
 12409 | D:8      | Reached skill level 5 in Short Blades
 12409 | D:8      | Reached skill level 5 in Long Blades
 12409 | D:8      | Reached skill level 5 in Maces & Flails
 12409 | D:8      | Reached skill level 5 in Polearms
 12409 | D:8      | Reached skill level 5 in Staves
 12409 | D:8      | Reached skill level 5 in Ranged Weapons
 12409 | D:8      | Reached skill level 5 in Throwing
 12409 | D:8      | Reached skill level 5 in Armour
 12409 | D:8      | Reached skill level 5 in Dodging
 12409 | D:8      | Reached skill level 5 in Stealth
 12409 | D:8      | Reached skill level 5 in Shields
 12409 | D:8      | Reached skill level 5 in Unarmed Combat
 12409 | D:8      | Reached skill level 5 in Evocations
 12409 | D:8      | Reached XP level 10. HP: 81/81 MP: 18/18
 12465 | D:8      | Noticed Erica
 12470 | D:8      | Killed Erica
 12540 | D:8      | Found a staircase to the Lair.
 12540 | D:8      | Noticed an elephant
 12571 | D:8      | Killed an elephant
 12572 | D:8      | Reached skill level 5 in Shapeshifting
 12722 | D:8      | Found a runed translucent gate.
 12722 | D:8      | Found a runed translucent gate.
 12723 | D:8      | Found a runed translucent gate.
 12724 | D:8      | Noticed ConditionCatalyst's ghost (novice DsNe)
 12725 | D:8      | Identified the +9 plate armour "Cuisoilawisu" {rF- Will++
                  | Slay+5}
 12796 | D:8      | Noticed Maggie
 12821 | D:8      | Killed Maggie
 13133 | D:8      | Noticed Jeremiah
 13152 | D:8      | Killed Jeremiah
 13286 | D:8      | Noticed Psyche
 13290 | D:8      | Noticed Joseph
 13295 | D:8      | Killed Psyche
 13300 | D:8      | Killed Joseph
 13872 | Lair:1   | Entered Level 1 of the Lair of Beasts
 13919 | Lair:1   | Reached skill level 5 in Conjurations
 13919 | Lair:1   | Reached skill level 5 in Hexes
 13919 | Lair:1   | Reached skill level 5 in Summonings
 13919 | Lair:1   | Reached skill level 5 in Necromancy
 13919 | Lair:1   | Reached skill level 5 in Translocations
 13919 | Lair:1   | Reached skill level 5 in Ice Magic
 13919 | Lair:1   | Reached skill level 5 in Air Magic
 13919 | Lair:1   | Reached skill level 5 in Earth Magic
 13919 | Lair:1   | Reached skill level 5 in Alchemy
 13922 | Lair:1   | Reached XP level 11. HP: 85/89 MP: 2/21
 14357 | Lair:1   | Learned a level 3 spell: Confusing Touch
 14643 | Lair:1   | Noticed a fire crab
 14665 | Lair:1   | Killed a fire crab
 14986 | Lair:1   | Noticed a death yak
 14989 | Lair:1   | Noticed a death yak
 14990 | Lair:1   | Noticed a death yak
 14992 | Lair:1   | Noticed a death yak
 15015 | Lair:1   | Killed a death yak
 15023 | Lair:1   | Killed a death yak
 15033 | Lair:1   | Killed a death yak
 15246 | Lair:1   | Found a runed translucent door.
 15246 | Lair:1   | Noticed a phantasmal warrior
 15261 | Lair:1   | Killed a phantasmal warrior
 15397 | Lair:1   | Killed a death yak
 16027 | Lair:1   | Reached XP level 12. HP: 97/97 MP: 23/23
 16307 | Lair:2   | Noticed Amaemon
 16338 | Lair:2   | Noticed a four-headed hydra
 16531 | Lair:1   | Learned a level 5 spell: Curse of Agony
 16537 | Lair:1   | Learned a level 5 spell: Irradiate
 16557 | Lair:2   | Noticed a five-headed hydra
 16847 | Lair:1   | Killed a four-headed hydra
 16957 | Lair:2   | Killed a five-headed hydra
 17111 | Lair:2   | Reached skill level 10 in Fighting
 17111 | Lair:2   | Reached skill level 10 in Axes
 17883 | Lair:2   | Noticed a six-headed hydra
 17890 | Lair:2   | Killed a six-headed hydra
 18213 | Lair:2   | Killed Amaemon
 18530 | Lair:3   | Found a hole to the Spider Nest.
 18919 | Lair:3   | Noticed a six-headed hydra
 18925 | Lair:3   | Killed a six-headed hydra
 18926 | Lair:3   | Reached XP level 13. HP: 94/104 MP: 24/25
 18926 | Lair:3   | Found a staircase to the Shoals.
 19135 | Lair:3   | Gained mutation: You are frail. (-10% HP) [mutagenic glow]
 20190 | Lair:4   | Found a runed translucent gate.
 20198 | Lair:4   | Found a runed translucent gate.
 20198 | Lair:4   | Found a runed translucent gate.
 20204 | Lair:4   | Noticed bronco's ghost (journeyman HuMo)
 20225 | Lair:4   | Killed bronco's ghost
 21228 | Lair:5   | Entered Level 5 of the Lair of Beasts
 21228 | Lair:5   | Found a viscous altar of Jiyva.
 21228 | Lair:5   | Found a staircase to the Slime Pits.
 22200 | Lair:5   | Learned a level 5 spell: Fireball
 22249 | Lair:5   | Identified the +2 whip of the Spectre {heavy, Will++}
 22927 | Lair:5   | Reached skill level 10 in Invocations
 22927 | Lair:5   | Reached XP level 14. HP: 101/101 MP: 19/27
 23497 | Lair:5   | Found a shimmering altar of Xom.
 24093 | Lair:5   | Noticed a dire elephant
 24093 | Lair:5   | Noticed a dire elephant
 24114 | Lair:5   | Noticed a dire elephant
 24128 | Lair:5   | Killed a dire elephant
 24821 | Lair:4   | Killed a dire elephant
 25094 | Lair:5   | Killed a dire elephant
 25648 | Lair:5   | Reached skill level 10 in Spellcasting
 25800 | Lair:5   | Gained mutation: Your magical capacity is low. (-10% MP)
                  | [mutagenic glow]
 26275 | Spider:1 | Entered Level 1 of the Spider Nest
 26564 | Spider:1 | Blown up by an orb spider

Illustrated notes

Levels and vault maps discovered:
D:1:      dpeg_arrival_yet_another_circle, layout_loops_corners, serial_shops,
          nicolae_diamond_shop
D:2:      layout_rooms, lemuel_flame_loot_1, uniq_robin
D:3:      layout_rooms, overflow_temple_1_default, hangedman_decor_slide_cut,
          hex_medium
D:4:      nicolae_BIG_FREAKIN_CUBE, layout_rooms, mainiacjoe_overflow_boulevard,
          mainiacjoe_overflow_chevrons, serial_shops,
          nicolae_shop_rolling_square, moated_statue
D:5:      layout_loops_corners
D:6:      layout_loops_ring, nemelex_xobeh_ov_fountains_minmay,
          nicolae_overflow_crystal_walls, minmay_temple_entry_mini_moons,
          hellmonk_ghost_happy_afterlife, grunt_ministairs_11,
          uniq_blork_the_orc
D:7:      layout_loops_cross, mainiacjoe_overflow_small_starburst, uniq_maurice,
          uniq_pikel
D:8:      layout_basic, david_lair_generic, biasface_ghost_orc_armoury,
          kennysheep_generic_room_9, uniq_maggie, uniq_erica, uniq_jeremiah,
          uniq_psyche, uniq_joseph
Temple:   eino_wide_crystal_templ
Lair:1:   layout_regular_city, pdpol_lair_cabin_in_the_woods
Lair:2:   layout_big_grid, grunt_megastairs_1, uniq_amaemon
Lair:3:   layout_cave_shapes, minmay_shoals_entry_centaurs,
          spider_nest_entry_web_field, serial_bayou_lagoon_b
Lair:4:   layout_gridlike, ebering_ghost_rock_garden, grunt_forest_stairs_basic,
          lemuel_another_geyser
Lair:5:   due_jungle_book, layout_cellular_growth, slime_entry_1, minivault_26,
          lemuel_oklob_altar
Spider:1: layout_spider_delve, uniq_nikola

Skill      XL: |  1  2  3  4  5  6  7  8  9 10 11 12 13 14 |
---------------+-------------------------------------------+-----
Invocations    | 1 2 3 4 5 6 7 8 10 | 10.6
Short Blades   | 1 2 3 4 5 6 7 8 9 |  9.7
Long Blades    | 1 2 3 4 5 6 7 8 9 |  9.7
Maces & Flails | 1 2 3 4 5 6 7 8 9 |  9.7
Polearms       | 1 2 3 4 5 6 7 8 9 |  9.7
Staves         | 1 2 3 4 5 6 7 8 9 |  9.7
Ranged Weapons | 1 2 3 4 5 6 7 8 9 |  9.7
Throwing       | 1 2 3 4 5 6 7 8 9 |  9.7
Armour         | 1 2 3 4 5 6 7 8 9 |  9.7
Dodging        | 1 2 3 4 5 6 7 8 9 |  9.7
Stealth        | 1 2 3 4 5 6 7 8 9 |  9.7
Shields        | 1 2 3 4 5 6 7 8 9 |  9.7
Unarmed Combat | 1 2 3 4 5 6 7 8 9 |  9.7
Evocations     | 1 2 3 4 5 6 7 8 9 |  9.7
Shapeshifting  | 1 2 3 4 5 6 7 8 |  8.9
Spellcasting   | 3 4 5 6 7 8 9 10 | 10.1
Conjurations   | 1 2 3 4 5 6 7 8 |  8.1
Hexes          | 1 2 3 4 5 6 7 8 |  8.1
Summonings     | 1 2 3 4 5 6 7 8 |  8.1
Necromancy     | 1 2 3 4 5 6 7 8 |  8.1
Translocations | 1 2 3 4 5 6 7 8 |  8.1
Ice Magic      | 1 2 3 4 5 6 7 8 |  8.1
Air Magic      | 1 2 3 4 5 6 7 8 |  8.1
Earth Magic    | 1 2 3 4 5 6 7 8 |  8.1
Alchemy        | 1 2 3 4 5 6 7 8 |  8.1
Fighting       | 7 8 9 10 11 | 11.6
Axes           | 7 8 9 10 11 | 11.6
Fire Magic     | 6 7 8 9 |  9.8

Action                     |  1- 3 |  4- 6 |  7- 9 | 10-12 | 13-15 || total
---------------------------+-------+-------+-------+-------+-------++-------
  Melee: Hand axe          |    73 |     9 |       |       |       ||    82
         Bite              |     5 |    16 |     6 |   103 |   266 ||   396
         Punch             |     1 |       |     2 |     4 |       ||     7
         Short sword       |       |    37 |       |       |       ||    37
         Morningstar       |       |    17 |       |       |       ||    17
         Falchion          |       |    13 |       |       |       ||    13
         Flail             |       |    10 |    52 |       |       ||    62
         Pair of quick bla |       |       |     4 |   645 |  1237 ||  1886
         Unarmed           |       |       |       |    66 |       ||    66
  Throw: Dart              |     2 |     2 |    15 |     5 |    18 ||    42
   Cast: Scorch            |     7 |    64 |    74 |   102 |    17 ||   264
         Inner Flame       |       |       |    19 |    12 |     3 ||    34
         Mephitic Cloud    |       |       |     6 |    24 |     6 ||    36
         Ensorcelled Hiber |       |       |     2 |     9 |       ||    11
         Confusing Touch   |       |       |       |     6 |     2 ||     8
         Irradiate         |       |       |       |    12 |    53 ||    65
         Curse of Agony    |       |       |       |     2 |     2 ||     4
         Fireball          |       |       |       |       |    29 ||    29
  Evoke: Wand              |       |       |       |     2 |     2 ||     4
    Use: Scroll            |       |       |     6 |     4 |     1 ||    11
         Potion            |       |       |       |     4 |     5 ||     9
   Stab: Sleeping          |     2 |       |     1 |     3 |     6 ||    12
         Confused          |       |       |       |    16 |     5 ||    21
         Distracted        |       |       |       |     1 |       ||     1
 Armour: Robe              |    41 |    65 |       |       |       ||   106
         Ring mail         |       |    45 |    88 |    27 |       ||   160
         Acid dragon scale |       |       |       |   261 |   269 ||   530
  Dodge: Dodged            |    36 |    75 |    55 |   180 |   192 ||   538
